[ AOE2 MATCH · #484138698 ]
1v1 RMAztecs vs Franks
Player's team · LOSS
Rival team · WIN
[ REPLAY ANALYSIS · EXTRACTED FROM THE RECORDED GAME ]
Feudal
11:05
Castle
26:52
Imperial
—
| APM avg | 34.3 |
| APM peak | 92 |
| eAPM avg | 13.5 |
| Villagers / military | 53 / 167 |
Focus
⚔️ 49.5% · 🌾 50.5%
Spearman ×105 · Archer ×58 · Skirmisher ×4
Feudal
10:51
Castle
19:56
Imperial
40:38
| APM avg | 43.0 |
| APM peak | 96 |
| eAPM avg | 17.4 |
| Villagers / military | 119 / 62 |
Focus
⚔️ 23.0% · 🌾 77.0%
Knight ×48 · Scorpion ×7 · Scout Cavalry ×2 · Trebuchet (Packed) ×2 · Spearman ×1 · Mangonel ×1
Match map
Initial resources + every placement click. Lines = walls · curves = elevation contours. ◆ gold · ⬟ stone · ● berries · ✦ relic · ◌ wall gap
Your base· Open — 7t gap
jpv90's base· Open — 3t gap
Smoothed initial terrain · ◌ = detected wall gap · hover for details
Inputs per minute
— TIRANO - - jpv90
Build order — TIRANO
First 150 of 286 actions detected
| 0:01 | Create | Villager (Male) |
| 0:01 | Create | Villager (Male) |
| 0:01 | Create | Villager (Male) |
| 0:03 | Build | House |
| 0:05 | Build | House |
| 0:43 | Create | Villager (Male) |
| 1:40 | Create | Villager (Male) |
| 2:03 | Create | Villager (Male) |
| 2:03 | Create | Villager (Male) |
| 2:14 | Create | Villager (Male) |
| 2:20 | Build | Lumber Camp |
| 3:00 | Create | Villager (Male) |
| 3:00 | Create | Villager (Male) |
| 3:01 | Create | Villager (Male) |
| 3:51 | Create | Villager (Male) |
| 3:54 | Build | House |
| 3:55 | Build | House |
| 4:13 | Create | Villager (Male) |
| 4:13 | Create | Villager (Male) |
| 4:29 | Build | Mill |
| 4:34 | Create | Villager (Male) |
| 4:34 | Create | Villager (Male) |
| 4:53 | Create | Villager (Male) |
| 4:53 | Create | Villager (Male) |
| 5:44 | Create | Villager (Male) |
| 5:45 | Create | Villager (Male) |
| 5:45 | Create | Villager (Male) |
| 5:45 | Create | Villager (Male) |
| 5:45 | Create | Villager (Male) |
| 6:05 | Create | Villager (Male) |
| 7:25 | Create | Villager (Male) |
| 7:52 | Create | Villager (Male) |
| 7:54 | Research | Loom |
| 8:11 | Build | Lumber Camp |
| 8:48 | Build | Barracks |
| 8:51 | Build | House |
| 8:55 | Research | Feudal Age |
| 9:01 | Create | Villager (Male) |
| 9:01 | Create | Villager (Male) |
| 9:32 | Build | Mill |
| 10:03 | Build | House |
| 10:04 | Build | House |
| 10:29 | Build | Mining Camp |
| 10:30 | Create | Villager (Male) |
| 11:05 | Age | Feudal Age |
| 11:12 | Create | Spearman |
| 11:15 | Research | Double-Bit Axe |
| 11:17 | Research | Horse Collar |
| 11:19 | Create | Villager (Male) |
| 11:33 | Build | Archery Range |
| 11:42 | Build | Archery Range |
| 11:57 | Build | Archery Range |
| 12:00 | Create | Villager (Male) |
| 12:10 | Create | Villager (Male) |
| 12:15 | Create | Spearman |
| 12:40 | Create | Villager (Male) |
| 12:43 | Create | Spearman |
| 12:47 | Create | Archer |
| 12:51 | Create | Archer |
| 12:54 | Create | Archer |
| 12:55 | Create | Archer |
| 13:23 | Create | Villager (Male) |
| 13:31 | Create | Archer |
| 13:36 | Build | Blacksmith |
| 14:20 | Build | House |
| 14:24 | Build | House |
| 14:27 | Build | House |
| 14:38 | Research | Fletching |
| 14:45 | Create | Archer |
| 14:46 | Create | Archer |
| 14:59 | Build | Farm |
| 14:59 | Build | Farm |
| 15:00 | Build | Farm |
| 15:00 | Build | Farm |
| 15:16 | Create | Spearman |
| 15:16 | Create | Spearman |
| 15:17 | Create | Spearman |
| 15:22 | Build | Farm |
| 15:26 | Build | Farm |
| 15:28 | Create | Villager (Male) |
| 16:09 | Create | Spearman |
| 16:18 | Create | Archer |
| 16:18 | Create | Archer |
| 16:19 | Create | Archer |
| 16:19 | Create | Archer |
| 16:55 | Create | Archer |
| 16:55 | Create | Archer |
| 17:06 | Create | Villager (Male) |
| 17:07 | Create | Villager (Male) |
| 17:12 | Build | Farm |
| 17:19 | Create | Archer |
| 17:19 | Create | Archer |
| 17:45 | Research | Scale Mail Armor |
| 17:50 | Create | Spearman |
| 17:51 | Create | Spearman |
| 17:51 | Create | Spearman |
| 17:51 | Create | Spearman |
| 17:55 | Build | House |
| 17:58 | Build | House |
| 17:59 | Build | House |
| 18:18 | Build | House |
| 18:44 | Research | Town Watch |
| 19:55 | Create | Spearman |
| 19:55 | Create | Spearman |
| 19:56 | Create | Spearman |
| 20:49 | Research | Forging |
| 21:50 | Build | Farm |
| 21:54 | Build | Farm |
| 21:55 | Build | Farm |
| 21:59 | Build | Farm |
| 22:00 | Build | Farm |
| 22:07 | Build | Farm |
| 22:09 | Build | Farm |
| 22:11 | Build | Farm |
| 22:21 | Create | Archer |
| 22:21 | Create | Archer |
| 22:21 | Create | Archer |
| 22:22 | Create | Archer |
| 22:43 | Build | Lumber Camp |
| 23:10 | Build | Farm |
| 23:49 | Build | House |
| 23:52 | Build | House |
| 23:58 | Research | Arson |
| 24:12 | Research | Castle Age |
| 24:58 | Create | Spearman |
| 25:00 | Create | Spearman |
| 25:00 | Create | Spearman |
| 25:01 | Create | Spearman |
| 25:09 | Build | House |
| 25:16 | Build | Palisade Gate |
| 25:18 | Build | House |
| 26:11 | Research | Wheelbarrow |
| 26:16 | Research | Padded Archer Armor |
| 26:48 | Create | Spearman |
| 26:49 | Create | Spearman |
| 26:52 | Age | Castle Age |
| 26:56 | Research | Crossbowman (upgrade) |
| 27:00 | Research | Pikeman (upgrade) |
| 27:01 | Research | Squires |
| 27:10 | Build | University |
| 27:40 | Create | Spearman |
| 27:40 | Create | Spearman |
| 27:41 | Research | Gambesons |
| 28:11 | Research | Ballistics |
| 28:17 | Build | Town Center |
| 28:52 | Research | Bodkin Arrow |
| 29:00 | Create | Spearman |
| 29:00 | Create | Spearman |
| 29:03 | Research | Chain Mail Armor |
| 29:03 | Research | Iron Casting |
Build order — jpv90
First 150 of 227 actions detected
| 0:01 | Create | Villager (Male) |
| 0:01 | Create | Villager (Male) |
| 0:01 | Create | Villager (Male) |
| 0:02 | Build | House |
| 0:04 | Build | House |
| 0:25 | Create | Villager (Male) |
| 0:25 | Create | Villager (Male) |
| 1:27 | Create | Villager (Male) |
| 1:27 | Create | Villager (Male) |
| 1:50 | Build | Lumber Camp |
| 1:59 | Create | Villager (Male) |
| 2:17 | Create | Villager (Male) |
| 2:54 | Create | Villager (Male) |
| 2:54 | Create | Villager (Male) |
| 3:10 | Create | Villager (Male) |
| 3:28 | Create | Villager (Male) |
| 3:55 | Build | House |
| 3:57 | Build | House |
| 4:11 | Create | Villager (Male) |
| 4:18 | Create | Villager (Male) |
| 4:52 | Create | Villager (Male) |
| 4:56 | Create | Villager (Male) |
| 5:00 | Build | Mill |
| 5:50 | Create | Villager (Male) |
| 6:02 | Create | Villager (Male) |
| 6:35 | Build | Mill |
| 6:42 | Research | Loom |
| 7:06 | Create | Villager (Male) |
| 7:21 | Create | Villager (Male) |
| 8:04 | Create | Villager (Male) |
| 8:41 | Research | Feudal Age |
| 9:09 | Build | Lumber Camp |
| 9:16 | Create | Villager (Male) |
| 9:16 | Create | Villager (Male) |
| 9:39 | Build | Barracks |
| 10:21 | Build | House |
| 10:51 | Age | Feudal Age |
| 10:54 | Create | Spearman |
| 11:03 | Build | Stable |
| 11:19 | Create | Villager (Male) |
| 11:25 | Create | Villager (Male) |
| 11:34 | Build | Palisade Wall |
| 11:42 | Research | Double-Bit Axe |
| 11:45 | Build | Farm |
| 11:48 | Build | Farm |
| 11:56 | Create | Scout Cavalry |
| 11:56 | Create | Scout Cavalry |
| 12:01 | Create | Villager (Male) |
| 12:22 | Build | Farm |
| 12:24 | Build | Farm |
| 12:27 | Build | Farm |
| 12:30 | Create | Villager (Male) |
| 12:31 | Create | Villager (Male) |
| 12:36 | Build | Palisade Wall |
| 12:42 | Build | Farm |
| 13:01 | Research | Wheelbarrow |
| 13:10 | Build | House |
| 13:12 | Build | House |
| 13:21 | Build | Palisade Wall |
| 13:24 | Create | Villager (Male) |
| 14:03 | Create | Villager (Male) |
| 14:11 | Build | Palisade Wall |
| 14:12 | Build | Palisade Wall |
| 14:19 | Build | Farm |
| 14:22 | Build | Farm |
| 14:36 | Create | Villager (Male) |
| 14:39 | Build | Farm |
| 14:40 | Build | Farm |
| 14:40 | Build | Farm |
| 14:40 | Build | Farm |
| 14:40 | Build | Farm |
| 14:43 | Create | Villager (Male) |
| 14:48 | Build | Mining Camp |
| 15:25 | Build | Blacksmith |
| 15:27 | Create | Villager (Male) |
| 15:40 | Build | Farm |
| 16:28 | Build | House |
| 16:29 | Build | House |
| 16:35 | Create | Villager (Male) |
| 17:07 | Build | House |
| 17:09 | Create | Villager (Male) |
| 17:16 | Research | Castle Age |
| 17:30 | Build | Stable |
| 17:32 | Build | House |
| 17:36 | Research | Gold Mining |
| 17:37 | Research | Gold Mining |
| 17:41 | Create | Villager (Male) |
| 17:54 | Research | Scale Barding Armor |
| 19:20 | Research | Forging |
| 19:30 | Create | Villager (Male) |
| 19:54 | Build | Watch Tower |
| 19:56 | Age | Castle Age |
| 20:03 | Create | Knight ×5 |
| 20:53 | Research | Fletching |
| 21:01 | Build | Farm |
| 21:01 | Build | Farm |
| 21:12 | Build | Farm |
| 21:14 | Create | Villager (Male) |
| 21:15 | Create | Villager (Male) |
| 21:45 | Create | Villager (Male) |
| 22:09 | Create | Villager (Male) |
| 22:09 | Create | Villager (Male) |
| 22:13 | Build | Farm |
| 22:16 | Build | Farm |
| 22:29 | Create | Villager (Male) |
| 22:39 | Create | Knight |
| 22:39 | Create | Knight |
| 22:49 | Create | Villager (Male) |
| 23:07 | Build | Farm |
| 23:13 | Research | Bow Saw |
| 23:22 | Create | Villager (Male) |
| 23:48 | Build | Siege Workshop |
| 23:54 | Create | Villager (Male) |
| 24:19 | Research | Chain Barding Armor |
| 24:19 | Research | Chain Barding Armor |
| 24:36 | Create | Villager (Male) |
| 24:37 | Create | Villager (Male) |
| 24:45 | Create | Knight |
| 24:46 | Create | Knight |
| 24:50 | Create | Villager (Male) |
| 25:15 | Build | Mining Camp |
| 25:31 | Research | Husbandry |
| 26:05 | Create | Knight ×5 |
| 26:21 | Create | Villager (Male) |
| 26:21 | Create | Villager (Male) |
| 26:32 | Build | Siege Workshop |
| 26:44 | Create | Villager (Male) |
| 26:53 | Create | Villager (Male) |
| 27:14 | Build | Town Center |
| 27:18 | Create | Mangonel |
| 27:24 | Create | Knight ×5 |
| 28:31 | Research | Iron Casting |
| 29:53 | Create | Villager (Male) |
| 29:53 | Create | Villager (Male) |
| 29:55 | Research | Town Watch |
| 30:03 | Create | Knight |
| 30:11 | Build | House |
| 30:12 | Build | House |
| 30:32 | Build | House |
| 30:57 | Create | Knight ×5 |
| 31:04 | Build | House |
| 31:05 | Build | House |
| 31:17 | Build | Farm |
| 31:22 | Create | Villager (Male) |
| 31:22 | Create | Villager (Male) |
| 31:24 | Create | Villager (Male) |
| 31:25 | Create | Villager (Male) |
| 31:37 | Create | Scorpion |
| 31:42 | Build | House |
| 31:43 | Build | House |
Match timeline
| 8:48 | TIRANO · first_building Barracks |
| 9:39 | jpv90 · first_building Barracks |
| 10:51 | jpv90 · age_up feudal |
| 11:03 | jpv90 · first_building Stable |
| 11:05 | TIRANO · age_up feudal |
| 11:33 | TIRANO · first_building Archery Range |
| 11:34 | jpv90 · wall_segment Palisade Wall x12 |
| 12:36 | jpv90 · wall_segment Palisade Wall x9 |
| 13:21 | jpv90 · wall_segment Palisade Wall x12 |
| 14:11 | jpv90 · wall_segment Palisade Wall x6 |
| 14:12 | jpv90 · wall_segment Palisade Wall x1 |
| 19:56 | jpv90 · age_up castle |
| 23:48 | jpv90 · first_building Siege Workshop |
| 26:52 | TIRANO · age_up castle |
| 34:08 | TIRANO · wall_segment Palisade Wall x5 |
| 35:08 | jpv90 · first_building Castle |
| 36:58 | TIRANO · first_building Castle |
| 40:38 | jpv90 · age_up imperial |
| 51:56 | TIRANO · resign |
[ AI ANALYSIS · 1 CREDIT ]
What really happened in this match?
Wolo.gg analyzes every decision: build order, eco, micro, common mistakes by bracket. Personalized analysis on WhatsApp or Discord in 30 seconds.
Civ guide
Aztecs
Map guide
Arabia
Perfil
TIRANO